[ AOE2 MATCH · #507143680 ]
UnrankedWei vs Slavs
Player's team · WIN
Rival team · LOSS
[ REPLAY ANALYSIS · EXTRACTED FROM THE RECORDED GAME ]
Feudal
8:53
Castle
20:53
Imperial
—
| APM avg | 81.6 |
| APM peak | 129 |
| eAPM avg | 44.6 |
| Villagers / military | 130 / 35 |
Focus
⚔️ 56.0% · 🌾 44.0%
Unknown (1952) ×88 · Unknown (1949) ×19 · Archer ×12 · Mangonel ×10 · Skirmisher ×6 · Battering Ram ×4
Feudal
8:52
Castle
22:35
Imperial
39:33
| APM avg | 60.5 |
| APM peak | 93 |
| eAPM avg | 28.0 |
| Villagers / military | 118 / 85 |
Focus
⚔️ 41.9% · 🌾 58.1%
Archer ×59 · Knight ×14 · Militia ×4 · Mangonel ×3 · Scout Cavalry ×3 · Spearman ×1
Match map
Initial resources + every placement click. Lines = walls · curves = elevation contours. ◆ gold · ⬟ stone · ● berries · ✦ relic · ◌ wall gap
Your base· Open — unwalled flank
Se7n's base· ✓ Closed at 22:35 · 40t walls · 1 gate(s)
Smoothed initial terrain · ◌ = detected wall gap · hover for details
Inputs per minute
— Manuel hormigaiper - - Se7n
Build order — Manuel hormigaiper
First 150 of 440 actions detected
| 0:00 | Queue | Villager (Male) ×4 |
| 0:01 | Queue | Villager (Male) ×4 |
| 0:02 | Build | House |
| 0:04 | Build | House |
| 1:27 | Queue | Villager (Male) |
| 1:27 | Queue | Villager (Male) |
| 2:00 | Queue | Villager (Male) |
| 2:01 | Queue | Villager (Male) |
| 2:22 | Queue | Villager (Male) |
| 2:22 | Queue | Villager (Male) |
| 2:44 | Build | Lumber Camp |
| 2:47 | Queue | Villager (Male) |
| 2:47 | Queue | Villager (Male) |
| 2:58 | Build | House |
| 3:03 | Queue | Villager (Male) |
| 3:35 | Queue | Villager (Male) |
| 3:35 | Queue | Villager (Male) |
| 3:47 | Build | Palisade Wall |
| 3:47 | Build | Palisade Wall |
| 3:51 | Queue | Villager (Male) |
| 3:52 | Queue | Villager (Male) |
| 4:04 | Queue | Villager (Male) |
| 4:27 | Queue | Villager (Male) |
| 5:09 | Queue | Villager (Male) |
| 5:24 | Queue | Villager (Male) |
| 5:24 | Research | Loom |
| 5:26 | Build | Mill |
| 6:30 | Build | Palisade Wall |
| 6:43 | Research | Feudal Age |
| 6:43 | Research | Feudal Age |
| 7:29 | Build | Barracks |
| 7:34 | Build | House |
| 8:31 | Build | Palisade Wall |
| 8:33 | Build | Palisade Wall |
| 8:40 | Queue | Villager (Male) |
| 8:40 | Queue | Villager (Male) |
| 8:53 | Age | Feudal Age |
| 8:57 | Build | Archery Range |
| 9:01 | Research | Double-Bit Axe |
| 9:07 | Research | Horse Collar |
| 9:13 | Queue | Villager (Male) |
| 9:47 | Build | Mining Camp |
| 9:51 | Queue | Archer |
| 9:51 | Queue | Archer |
| 9:55 | Queue | Villager (Male) |
| 10:05 | Build | Palisade Wall |
| 10:09 | Build | Palisade Wall |
| 10:15 | Build | House |
| 10:22 | Build | House |
| 10:29 | Build | Palisade Wall |
| 10:30 | Build | Palisade Wall |
| 10:34 | Build | Palisade Wall |
| 10:34 | Build | Palisade Wall |
| 10:46 | Build | Palisade Wall |
| 10:48 | Build | Palisade Wall |
| 10:51 | Queue | Villager (Male) |
| 10:54 | Build | Palisade Wall |
| 10:58 | Queue | Villager (Male) |
| 11:00 | Queue | Villager (Male) |
| 11:02 | Queue | Skirmisher |
| 11:08 | Build | House |
| 11:16 | Queue | Skirmisher |
| 11:18 | Queue | Skirmisher |
| 11:18 | Queue | Skirmisher |
| 11:19 | Build | Farm |
| 11:35 | Queue | Villager (Male) |
| 11:46 | Build | Farm |
| 11:47 | Build | Farm |
| 11:54 | Queue | Villager (Male) |
| 12:01 | Build | Farm |
| 12:12 | Build | House |
| 12:14 | Build | House |
| 12:25 | Build | Palisade Wall |
| 12:26 | Build | Palisade Wall |
| 12:28 | Build | Palisade Wall |
| 12:29 | Queue | Villager (Male) |
| 12:49 | Build | Farm |
| 12:50 | Build | Farm |
| 12:53 | Queue | Villager (Male) |
| 12:56 | Build | Farm |
| 13:12 | Build | Farm |
| 13:26 | Build | Palisade Wall |
| 13:28 | Queue | Villager (Male) |
| 13:33 | Build | Farm |
| 13:36 | Queue | Spearman |
| 13:42 | Build | Palisade Wall |
| 13:44 | Build | Palisade Wall |
| 13:45 | Build | Palisade Wall |
| 13:46 | Build | Palisade Wall |
| 13:50 | Queue | Skirmisher |
| 13:56 | Build | Farm |
| 14:01 | Queue | Villager (Male) |
| 14:05 | Queue | Archer |
| 14:05 | Queue | Archer |
| 14:07 | Queue | Villager (Male) |
| 14:14 | Build | Farm |
| 14:19 | Build | Farm |
| 14:29 | Queue | Villager (Male) |
| 14:31 | Research | Town Watch |
| 14:31 | Research | Town Watch |
| 14:35 | Build | Palisade Wall |
| 14:37 | Queue | Archer |
| 14:38 | Queue | Villager (Male) |
| 14:47 | Queue | Villager (Male) |
| 15:12 | Queue | Villager (Male) |
| 15:21 | Build | Blacksmith |
| 15:21 | Queue | Villager (Male) |
| 15:32 | Research | Wheelbarrow |
| 15:33 | Build | Farm |
| 15:35 | Build | Farm |
| 15:42 | Queue | Villager (Male) |
| 16:09 | Build | Lumber Camp |
| 16:21 | Build | Palisade Wall |
| 16:29 | Queue | Villager (Male) |
| 16:37 | Build | Farm |
| 16:43 | Build | Farm |
| 16:59 | Build | House |
| 17:02 | Build | House |
| 17:02 | Build | House |
| 17:12 | Research | Fletching |
| 17:27 | Queue | Villager (Male) |
| 17:38 | Queue | Skirmisher |
| 17:48 | Build | Farm |
| 17:57 | Build | House |
| 17:57 | Build | House |
| 18:13 | Research | Castle Age |
| 18:13 | Research | Castle Age |
| 18:33 | Build | Watch Tower |
| 18:35 | Queue | Archer |
| 18:37 | Build | Archery Range |
| 18:56 | Build | House |
| 19:07 | Build | Archery Range |
| 19:59 | Build | Market |
| 20:10 | Queue | Archer |
| 20:10 | Queue | Archer |
| 20:33 | Queue | Archer |
| 20:33 | Queue | Archer |
| 20:34 | Queue | Villager (Male) |
| 20:53 | Age | Castle Age |
| 20:57 | Queue | Archer |
| 20:57 | Queue | Archer |
| 21:01 | Research | Padded Archer Armor |
| 21:03 | Queue | Villager (Male) |
| 21:21 | Queue | Unit 1952 |
| 21:22 | Queue | Unit 1952 |
| 21:22 | Queue | Unit 1952 |
| 21:32 | Queue | Unit 1952 |
| 21:32 | Queue | Unit 1952 |
| 21:33 | Queue | Villager (Male) |
| 21:44 | Research | Bodkin Arrow |
Build order — Se7n
First 150 of 327 actions detected
| 0:02 | Queue | Villager (Male) |
| 0:02 | Queue | Villager (Male) |
| 0:02 | Queue | Villager (Male) |
| 0:03 | Build | House |
| 0:05 | Build | House |
| 0:20 | Queue | Villager (Male) |
| 1:34 | Queue | Villager (Male) |
| 1:52 | Build | Lumber Camp |
| 2:01 | Queue | Villager (Male) |
| 2:21 | Queue | Villager (Male) |
| 2:55 | Queue | Villager (Male) |
| 2:56 | Queue | Villager (Male) |
| 3:18 | Queue | Villager (Male) |
| 3:18 | Queue | Villager (Male) |
| 3:45 | Queue | Villager (Male) |
| 3:45 | Queue | Villager (Male) |
| 3:50 | Build | House |
| 4:20 | Queue | Villager (Male) |
| 4:31 | Build | House |
| 4:56 | Queue | Villager (Male) |
| 5:06 | Build | Barracks |
| 5:25 | Queue | Villager (Male) |
| 5:47 | Queue | Villager (Male) |
| 5:50 | Research | Loom |
| 5:54 | Build | House |
| 6:41 | Research | Feudal Age |
| 6:41 | Research | Feudal Age |
| 6:58 | Queue | Militia |
| 6:59 | Queue | Militia |
| 7:05 | Build | Mining Camp |
| 7:18 | Queue | Militia |
| 7:38 | Queue | Militia |
| 8:42 | Queue | Villager (Male) |
| 8:52 | Age | Feudal Age |
| 8:56 | Research | Man-at-Arms (upgrade) |
| 9:03 | Build | House |
| 9:17 | Queue | Villager (Male) |
| 9:31 | Queue | Villager (Male) |
| 9:37 | Build | House |
| 9:53 | Build | Archery Range |
| 10:05 | Queue | Villager (Male) |
| 10:07 | Build | Mill |
| 10:55 | Queue | Villager (Male) |
| 10:55 | Queue | Archer |
| 11:05 | Build | House |
| 11:11 | Build | Farm |
| 11:11 | Build | Farm |
| 11:11 | Build | Farm |
| 11:15 | Research | Double-Bit Axe |
| 11:24 | Queue | Archer |
| 11:44 | Queue | Villager (Male) |
| 11:45 | Queue | Archer |
| 11:54 | Build | House |
| 11:56 | Build | Farm |
| 12:07 | Build | Palisade Wall |
| 12:15 | Queue | Villager (Male) |
| 12:49 | Queue | Villager (Male) |
| 12:50 | Queue | Archer |
| 12:56 | Build | Blacksmith |
| 13:02 | Build | Farm |
| 13:07 | Queue | Villager (Male) |
| 13:23 | Queue | Archer |
| 13:27 | Queue | Villager (Male) |
| 13:28 | Build | Farm |
| 13:34 | Build | Farm |
| 13:44 | Research | Fletching |
| 13:46 | Queue | Archer |
| 13:50 | Build | Palisade Wall |
| 13:57 | Queue | Villager (Male) |
| 13:59 | Build | House |
| 14:00 | Build | Palisade Wall |
| 14:20 | Queue | Villager (Male) |
| 14:36 | Queue | Villager (Male) |
| 14:49 | Build | Farm |
| 14:50 | Queue | Archer |
| 14:56 | Queue | Villager (Male) |
| 14:58 | Build | House |
| 15:01 | Queue | Spearman |
| 15:13 | Queue | Villager (Male) |
| 15:21 | Build | Stable |
| 15:28 | Queue | Archer |
| 15:31 | Queue | Villager (Male) |
| 15:34 | Build | Farm |
| 15:49 | Build | Palisade Gate |
| 15:56 | Build | Palisade Wall |
| 16:00 | Build | Palisade Wall |
| 16:02 | Queue | Archer |
| 16:15 | Queue | Villager (Male) |
| 16:22 | Build | Lumber Camp |
| 16:26 | Queue | Scout Cavalry |
| 16:40 | Queue | Scout Cavalry |
| 16:42 | Queue | Archer |
| 16:42 | Queue | Villager (Male) |
| 16:45 | Build | House |
| 17:05 | Build | Palisade Wall |
| 17:14 | Queue | Archer |
| 17:16 | Queue | Scout Cavalry |
| 17:18 | Build | House |
| 17:21 | Queue | Villager (Male) |
| 17:28 | Build | Farm |
| 17:43 | Queue | Villager (Male) |
| 17:45 | Build | Farm |
| 17:45 | Build | Farm |
| 17:45 | Build | Farm |
| 17:46 | Build | Farm |
| 17:51 | Queue | Villager (Male) |
| 17:58 | Queue | Archer |
| 19:05 | Queue | Villager (Male) |
| 19:05 | Queue | Archer |
| 19:28 | Queue | Villager (Male) |
| 19:28 | Queue | Archer |
| 19:53 | Research | Castle Age |
| 20:18 | Queue | Archer |
| 20:19 | Queue | Villager (Male) |
| 20:26 | Build | Palisade Wall |
| 20:43 | Research | Horse Collar |
| 20:49 | Build | Farm |
| 20:49 | Build | Farm |
| 20:53 | Build | House |
| 20:54 | Build | Palisade Wall |
| 21:08 | Queue | Archer |
| 21:49 | Queue | Archer |
| 21:56 | Build | Farm |
| 22:00 | Research | Gold Mining |
| 22:03 | Build | House |
| 22:13 | Build | House |
| 22:15 | Build | House |
| 22:16 | Queue | Archer |
| 22:35 | Age | Castle Age |
| 22:39 | Research | Crossbowman (upgrade) |
| 22:40 | Research | Bodkin Arrow |
| 22:41 | Queue | Villager (Male) |
| 22:49 | Build | Town Center |
| 22:59 | Queue | Villager (Male) |
| 23:04 | Build | House |
| 23:10 | Queue | Archer |
| 23:12 | Research | Bow Saw |
| 23:29 | Queue | Villager (Male) |
| 23:35 | Build | House |
| 23:51 | Queue | Archer |
| 23:51 | Queue | Archer |
| 24:07 | Queue | Villager (Male) |
| 24:08 | Queue | Villager (Male) |
| 24:12 | Build | Town Center |
| 24:40 | Queue | Villager (Male) |
| 24:40 | Queue | Villager (Male) |
| 24:41 | Queue | Archer |
| 24:49 | Build | Farm |
| 24:49 | Build | Farm |
| 24:59 | Queue | Archer |
Match timeline
| 3:47 | Manuel hormigaiper · wall_segment Palisade Wall x1 |
| 3:47 | Manuel hormigaiper · wall_segment Palisade Wall x1 |
| 5:06 | Se7n · first_building Barracks |
| 6:30 | Manuel hormigaiper · wall_segment Palisade Wall x1 |
| 7:29 | Manuel hormigaiper · first_building Barracks |
| 8:31 | Manuel hormigaiper · wall_segment Palisade Wall x4 |
| 8:33 | Manuel hormigaiper · wall_segment Palisade Wall x2 |
| 8:52 | Se7n · age_up feudal |
| 8:53 | Manuel hormigaiper · age_up feudal |
| 8:57 | Manuel hormigaiper · first_building Archery Range |
| 9:53 | Se7n · first_building Archery Range |
| 10:05 | Manuel hormigaiper · wall_segment Palisade Wall x1 |
| 10:09 | Manuel hormigaiper · wall_segment Palisade Wall x5 |
| 10:29 | Manuel hormigaiper · wall_segment Palisade Wall x1 |
| 10:30 | Manuel hormigaiper · wall_segment Palisade Wall x1 |
| 10:34 | Manuel hormigaiper · wall_segment Palisade Wall x1 |
| 10:34 | Manuel hormigaiper · wall_segment Palisade Wall x1 |
| 10:46 | Manuel hormigaiper · wall_segment Palisade Wall x1 |
| 10:48 | Manuel hormigaiper · wall_segment Palisade Wall x1 |
| 10:54 | Manuel hormigaiper · wall_segment Palisade Wall x2 |
| 12:07 | Se7n · wall_segment Palisade Wall x9 |
| 12:25 | Manuel hormigaiper · wall_segment Palisade Wall x1 |
| 12:26 | Manuel hormigaiper · wall_segment Palisade Wall x1 |
| 12:28 | Manuel hormigaiper · wall_segment Palisade Wall x1 |
| 13:26 | Manuel hormigaiper · wall_segment Palisade Wall x2 |
| 13:42 | Manuel hormigaiper · wall_segment Palisade Wall x5 |
| 13:44 | Manuel hormigaiper · wall_segment Palisade Wall x1 |
| 13:45 | Manuel hormigaiper · wall_segment Palisade Wall x1 |
| 13:46 | Manuel hormigaiper · wall_segment Palisade Wall x1 |
| 13:50 | Se7n · wall_segment Palisade Wall x3 |
| 14:00 | Se7n · wall_segment Palisade Wall x5 |
| 14:35 | Manuel hormigaiper · wall_segment Palisade Wall x13 |
| 15:21 | Se7n · first_building Stable |
| 15:56 | Se7n · wall_segment Palisade Wall x5 |
| 16:00 | Se7n · wall_segment Palisade Wall x4 |
| 16:21 | Manuel hormigaiper · wall_segment Palisade Wall x4 |
| 17:05 | Se7n · wall_segment Palisade Wall x5 |
| 20:26 | Se7n · wall_segment Palisade Wall x8 |
| 20:53 | Manuel hormigaiper · age_up castle |
| 20:54 | Se7n · wall_segment Palisade Wall x1 |
| 21:43 | Manuel hormigaiper · first_market_sell 100 food |
| 22:35 | Se7n · age_up castle |
| 25:32 | Manuel hormigaiper · first_market_buy 500 wood |
| 25:51 | Manuel hormigaiper · first_building Siege Workshop |
| 27:36 | Manuel hormigaiper · wall_segment Palisade Wall x1 |
| 27:36 | Manuel hormigaiper · wall_segment Palisade Wall x1 |
| 27:37 | Manuel hormigaiper · wall_segment Palisade Wall x1 |
| 28:38 | Manuel hormigaiper · first_building Monastery |
| 29:17 | Se7n · first_building Siege Workshop |
| 29:59 | Manuel hormigaiper · first_building Stable |
| 31:29 | Se7n · first_market_sell 100 wood |
| 31:58 | Se7n · first_market_buy 100 stone |
| 35:24 | Se7n · first_building Monastery |
| 36:55 | Manuel hormigaiper · first_building Castle |
| 38:18 | Se7n · first_building Castle |
| 39:33 | Se7n · age_up imperial |
| 41:40 | Se7n · resign |
[ AI ANALYSIS · 1 CREDIT ]
What really happened in this match?
Wolo.gg analyzes every decision: build order, eco, micro, common mistakes by bracket. Personalized analysis on WhatsApp or Discord in 30 seconds.
Civ guide
Wei
Perfil
Jugador #2302476